 Dungeon Crawl Stone Soup version 0.28.0-45-g0d030f2227 (webtiles) character file.

Game seed: 17408744442390667255

27 Ablot the Cutter (level 3, -9/35 HPs)
             Began as a Gnoll Chaos Knight on Apr 16, 2022.
             Was a Plaything of Xom.
             Mangled by a wolf spider (glowing shapeshifter) (11 damage)
             ... on level 2 of the Dungeon.
             The game lasted 00:01:22 (863 turns).

Ablot the Cutter (Gnoll Chaos Knight)                Turns: 863, Time: 00:01:23

Health: -9/35      AC:  6    Str: 13    XL:     3   Next: 10%
Magic:  3/3        EV: 12    Int: 11    God:    Xom [..*...]
Gold:   53         SH:  0    Dex: 15    Spells: 3/3 levels left

rFire   + . .      SeeInvis .   a - +0 short sword (chaos)
rCold   . . .      Faith    .   (no shield)
rNeg    . . .      Spirit   .   b - +2 leather armour
rPois   .          Reflect  .   (no helmet)
rElec   .          Harm     .   g - +0 cloak
rCorr   .          Rampage  .   (no gloves)
Will    .....                   (no boots)
Stlth   ++........              (no amulet)
HPRegen 0.11/turn               (no ring)
MPRegen 0.08/turn               (no ring)

@: no status effects
A: fangs 1, strong nose, distributed training, thin skeletal structure 1, agile
1, fire resistance 1
a: Renounce Religion


You were on level 2 of the Dungeon.
You worshipped Xom.
You were a toy of Xom.
You visited 1 branch of the dungeon, and saw 2 of its levels.

You collected 53 gold pieces.

Inventory:

Hand Weapons
 a - a +0 short sword of chaos (weapon)
Missiles
 c - 57 stones (quivered)
Armour
 b - a +2 leather armour (worn)
 g - a +0 cloak (worn)
 j - a +0 buckler of cold resistance
Magical Staves
 d - a staff of earth
 i - a staff of air
Scrolls
 e - a scroll of enchant armour {unknown}
 f - 2 scrolls of identify {unknown}
Potions
 h - a potion of curing {unknown}


   Skills:
 + Level 6.5 Fighting
 + Level 6.5 Short Blades
 + Level 0.6 Long Blades
 + Level 0.6 Axes
 + Level 0.6 Maces & Flails
 + Level 0.6 Polearms
 + Level 0.6 Staves
 + Level 0.6 Slings
 + Level 0.6 Bows
 + Level 0.6 Crossbows
 + Level 0.6 Throwing
 + Level 4.5 Armour
 + Level 2.5 Dodging
 + Level 0.6 Stealth
 + Level 0.6 Shields
 + Level 0.6 Unarmed Combat
 + Level 0.6 Spellcasting
 + Level 0.4 Conjurations
 + Level 0.4 Hexes
 + Level 0.4 Summonings
 + Level 0.4 Necromancy
 + Level 0.4 Translocations
 + Level 0.4 Transmutations
 + Level 0.4 Fire Magic
 + Level 0.4 Ice Magic
 + Level 0.4 Air Magic
 + Level 0.4 Earth Magic
 + Level 0.4 Poison Magic
 + Level 0.8 Invocations
 + Level 0.6 Evocations


You had 3 spell levels left.
You didn't know any spells.
Your spell library contained the following spells:

 Spells                   Type           Power      Damage    Failure   Level
 Static Discharge         Conj/Air       1%         N/A       45%         2
 Lightning Bolt           Conj/Air       0%         1d11      100%        5
 Maxwell's Capacitive Co  Air            0%         ∞         100%        8


Dungeon Overview and Level Annotations

Branches:
Dungeon (2/15)

Altars:
Xom


Innate Abilities, Weirdness & Mutations

You have very sharp teeth.
Your uncanny sense of smell can sniff out nearby items.
Your experience applies equally to all skills.
You have a somewhat thin skeletal structure. (Dex +2, Stealth+)
You are agile. (Dex +2)
Your flesh is heat resistant. (rF+)


Message History

You hit the glowing shapeshifter but do no damage.
The glowing shapeshifter is poisoned.
Your bite misses the glowing shapeshifter.
The glowing shapeshifter changes into a lindwurm!
You hit the lindwurm.
The lindwurm is poisoned.
The lindwurm is lightly wounded.
You barely miss the lindwurm.
You bite the lindwurm, but do no damage.
The lindwurm is lightly wounded.
The lindwurm changes into a dream sheep!
You barely miss the dream sheep. You hit the dream sheep.
The dream sheep flickers and vanishes!
Deactivating autopickup; reactivate with Ctrl-A.
A lindwurm appears out of thin air!
Reactivating autopickup.
You hit the lindwurm but do no damage.
The lindwurm is moderately wounded.
You barely miss the lindwurm.
The lindwurm is moderately wounded.
The lindwurm breathes flames at you. The blast of flame hits you!! You resist.
Ouch! That really hurt!
* * * LOW HITPOINT WARNING * * *
You barely miss the lindwurm.
The lindwurm is moderately wounded.
The lindwurm closely misses you. The lindwurm claws you.
* * * LOW HITPOINT WARNING * * *
The lindwurm barely misses you.
You hit the lindwurm.
Space warps horribly around the lindwurm!
The lindwurm is heavily wounded. "This might be better!"
The lindwurm changes into a glowing shapeshifter!
You closely miss the glowing shapeshifter.
The glowing shapeshifter changes into a wolf spider!
You closely miss the wolf spider.
Xom momentarily opens a gate.
You are now a toy of Xom.
The wolf spider hits you!
You die...
Xom chuckles heartily!

#................
#................
#................ .
#..................
####.................
#..........#.........
#.........#.####...#
#(......#.#......#
#......@.5....####
#......s.5......##
#...............<#
#..........####..#
#.......##.# #..#
#####.#.##.# #....
#.#$##.. #...#. #.#.#
.. ..... . #.....


You could see a wolf spider shaped shifter (ally target), a friendly shadow imp
(summoned) and a friendly ufetubus (summoned).

Vanquished Creatures
  A dart slug (D:1)
  2 ball pythons (D:1)
  2 endoplasms
  5 hobgoblins (D:1)
  5 jackals (D:1)
  A kobold (D:1)
  A quokka (D:1)
  2 bats (D:1)
  A rat (D:1)
20 creatures vanquished.

Notes
Turn   | Place    | Note
-------+----------+-------------------------------------------
     0 | D:1      | Ablot the Gnoll Chaos Knight began the quest for the Orb.
     0 | D:1      | Reached XP level 1. HP: 23/23 MP: 1/1
    31 | D:1      | XOM: silly message
   125 | D:1      | Reached XP level 2. HP: 28/29 MP: 2/2
   170 | D:1      | XOM: noise
   188 | D:1      | XOM: scenery: create altars
   317 | D:1      | XOM: give mutations
   317 | D:1      | Gained mutation: You have a somewhat thin skeletal
                  | structure. (Dex +2, Stealth+) [Xom's grace]
   317 | D:1      | Gained mutation: Your flesh is heat resistant. (rF+) [Xom's
                  | grace]
   317 | D:1      | Gained mutation: You are agile. (Dex +2) [Xom's grace]
   614 | D:1      | Reached XP level 3. HP: 30/35 MP: 3/3
   783 | D:1      | XOM: god gift: +0 buckler of cold resistance
   845 | D:2      | Noticed a glowing shapeshifter
   845 | D:2      | a worm changed into a glowing shapeshifter
   845 | D:2      | Noticed a steelbarb worm
   845 | D:2      | a glowing shapeshifter changed into a steelbarb worm
   846 | D:2      | Noticed a wolf spider
   846 | D:2      | a steelbarb worm changed into a wolf spider
   848 | D:2      | Noticed a merfolk
   848 | D:2      | a wolf spider changed into a merfolk
   849 | D:2      | Noticed a wolf spider
   849 | D:2      | a merfolk changed into a wolf spider
   850 | D:2      | Noticed a torpor snail
   850 | D:2      | a wolf spider changed into a torpor snail
   852 | D:2      | Noticed a glowing shapeshifter
   852 | D:2      | a torpor snail changed into a glowing shapeshifter
   853 | D:2      | Noticed a lindwurm
   853 | D:2      | a glowing shapeshifter changed into a lindwurm
   855 | D:2      | Noticed a dream sheep
   855 | D:2      | a lindwurm changed into a dream sheep
   857 | D:2      | Noticed a lindwurm
   861 | D:2      | Noticed a glowing shapeshifter
   861 | D:2      | a lindwurm changed into a glowing shapeshifter
   861 | D:2      | XOM: polymorph lindwurm -> glowing shapeshifter
   862 | D:2      | Noticed a wolf spider
   862 | D:2      | a glowing shapeshifter changed into a wolf spider
   863 | D:2      | XOM: summons 2 friendly demons
   863 | D:2      | Mangled by a wolf spider (glowing shapeshifter)

Illustrated notes

Levels and vault maps discovered:
D:1:      amcnicky_arrival_choice, layout_loops_ring, minmay_3d_cube
D:2:      layout_rooms, basic_altar

Action                   || total
-------------------------++-------
Melee: Short sword       ||    92
       Bite              ||     6
       Punch             ||     2
Armor: Leather armour    ||    24
Dodge: Dodged            ||    48
